Stars vs Flames
Created - February 21, 2021 at 19:10
Goals
|
| Stars |
0 |
1 |
2 |
3 |
| Flames |
1 |
2 |
1 |
4 |
|
Shots
|
| Stars |
9 |
9 |
7 |
25 |
| Flames |
19 |
13 |
7 |
39 |
|
1st period
1. Flames , Alexander Semin 22 (Patrik Berglund 17, Alexander Radulov 29) at 17:25
Penalties :
Cory Emmerton (Dal) for Holding (Minor) at 1:35
2nd period
2. Flames , Jimmy Hayes 12 (Steve Regier 6, Erik Johnson 21) at 1:07
3. Flames , Jimmy Hayes 13 (Steve Regier 7, Colin Wilson 7) at 2:06
4. Stars , Jussi Jokinen 24 (John Tavares 67) at 13:41 (PP)
Penalties :
Andrej Sustr (Dal) for Roughing (Minor) at 9:50, Alexander Radulov (Cal) for Slashing (Minor) at 13:15
3rd period
5. Stars , Damien Brunner 1 (Alexander Frolov 9, Ian White 17) at 1:40
6. Flames , David Ullstrom 5 (Anders Lee 6, Kyle Palmieri 8) at 15:46
7. Stars , Cory Emmerton 12 (Alex Chiasson 14, Brian Lee 34) at 19:35
Penalties :
Shane O'Brien (Dal) for Tripping (Minor) at 4:21, Damien Brunner (Dal) for Hooking (Minor) at 16:32
Goalie Stats
Cory Schneider (Dal), 35 saves from 39 shots - (0.897), L, 20-14-0, 60:00 minutes
Henrik Lundqvist (Cal), 22 saves from 25 shots - (0.880), W, 24-11-5, 60:00 minutes
Players Stats for Stars
Player Name G A P +/- PIM S H SB GA TA FO MP PP MP PK MP
------------------------------------------------------------------------------------
Alex Chiasson 0 1 1 -1 0 2 1 0 0 0 0/0 18:39 0:26 2:14
Alexander Frolov 0 1 1 -1 0 0 1 1 0 0 3/3 17:49 0:00 1:06
Andrej Sustr 0 0 0 -1 2 1 0 2 0 1 0/0 14:13 0:00 0:38
Antoine Vermette 0 0 0 -1 0 3 0 0 0 1 6/12 17:29 0:00 2:14
B.J. Crombeen 0 0 0 0 0 2 0 0 0 0 0/0 12:08 0:00 0:00
Boris Valabik 0 0 0 -3 0 1 0 2 1 1 0/0 19:46 0:00 2:58
Brian Lee 0 1 1 2 0 1 1 2 1 1 0/0 23:44 0:26 4:58
Cam Atkinson 0 0 0 0 0 1 1 0 0 0 0/1 6:25 0:00 0:00
Cory Emmerton 1 0 1 1 2 3 1 1 0 0 3/6 12:55 0:00 0:00
Damien Brunner 1 0 1 -1 2 5 2 0 0 0 0/1 15:49 0:00 0:00
Evgeny Grachev 0 0 0 1 0 1 0 0 0 0 1/2 7:05 0:00 0:00
Ian White 0 1 1 2 0 0 0 2 0 2 0/0 27:40 0:26 4:58
John Tavares 0 1 1 -2 0 1 2 4 1 0 18/31 26:02 0:26 4:25
Jussi Jokinen 1 0 1 -2 0 2 3 0 0 0 1/2 22:00 0:26 4:30
Paul Ladue 0 0 0 0 0 0 0 0 0 0 0/0 4:08 0:00 0:12
Shane O'Brien 0 0 0 -3 2 0 0 0 0 0 0/0 18:58 0:00 2:08
Ted Purcell 0 0 0 0 0 0 0 0 0 2 0/1 14:36 0:00 1:23
Tyson Barrie 0 0 0 -1 0 2 1 1 0 0 0/0 12:34 0:00 0:00
Players Stats for Flames
Player Name G A P +/- PIM S H SB GA TA FO MP PP MP PK MP
------------------------------------------------------------------------------------
Alexander Radulov 0 1 1 1 2 3 2 0 0 0 0/2 18:08 4:37 0:00
Alexander Semin 1 0 1 0 0 5 1 0 1 0 0/2 18:43 4:37 0:04
Anders Lee 0 1 1 0 0 3 2 2 0 0 1/3 9:36 0:00 0:00
Brad Marchand 0 0 0 -1 0 3 3 0 1 0 1/1 20:56 3:17 0:00
Brendan Mikkelson 0 0 0 -1 0 0 1 1 0 0 0/0 12:07 0:00 0:00
Christian Folin 0 0 0 -1 0 0 0 0 0 0 0/0 12:07 0:00 0:00
Colby Robak 0 0 0 0 0 0 1 3 0 0 0/0 22:20 2:32 0:00
Colin Wilson 0 1 1 2 0 2 1 0 0 0 4/7 10:10 0:02 0:04
David Backes 0 0 0 -1 0 3 1 0 3 0 0/1 18:41 0:02 0:22
David Ullstrom 1 0 1 0 0 2 1 0 0 0 0/0 10:13 0:02 0:00
Derek Meech 0 0 0 0 0 0 0 2 1 2 0/0 22:20 2:32 0:00
Eric Staal 0 0 0 0 0 4 1 1 1 0 15/29 22:38 4:37 0:00
Erik Johnson 0 1 1 3 0 1 1 2 0 1 0/0 25:33 5:24 0:26
Jimmy Hayes 2 0 2 2 0 6 4 0 0 0 0/0 13:30 3:17 0:00
Kyle Palmieri 0 1 1 0 0 1 1 0 1 0 0/0 9:36 0:00 0:00
Patrik Berglund 0 1 1 1 0 5 1 2 0 0 6/14 17:19 3:17 0:22
Sami Vatanen 0 0 0 3 0 1 2 2 0 0 0/0 25:33 5:24 0:26
Steve Regier 0 2 2 2 0 0 0 0 0 0 0/0 10:03 0:00 0:00
3 Stars
1 - Jimmy Hayes (Cal)
2 - Steve Regier (Cal)
3 - Erik Johnson (Cal)
Power Play
Stars - 1 on 1 Attempt(s) - 100.00%
Flames - 0 on 4 Attempt(s) - 0.00%
Penalty Kill
Stars - 4 on 4 Attempt(s) - 100.00%
- Score 0 goal in Penalty Kill
Flames - 0 on 1 Attempt(s) - 0.00%
- Score 0 goal in Penalty Kill
Team Stat
Stars - Hits : 13 - Faceoff Wins : 32 - Blocked Shots : 15 - Penalty Minutes : 8
Flames - Hits : 23 - Faceoff Wins : 27 - Blocked Shots : 15 - Penalty Minutes : 2
Official
Referees : Unknown
Linesman : Unknown
Game Notes
2:06 of 2nd period - Flames goal is going for a video replay. After video review, Goal.
Finance
Level 1 -- Attendance: 4843 (80.72%) -- Ticket Income $537,573
Level 2 -- Attendance: 4243 (84.86%) -- Ticket Income $301,253
Level 3 -- Attendance: 1552 (77.60%) -- Ticket Income $71,392
Level 4 -- Attendance: 3238 (80.95%) -- Ticket Income $100,378
Luxury Box -- Attendance: 829 (82.90%) -- Ticket Income $162,484
Game was played at the Metal Center.
Total Attendance: 14705 (81.69%)
Total Ticket Income: $1,173,080
Other Income: $175,962
Total Income: $1,349,042
Stars
5 vs 5 Forward
Center Left Wing Right Wing Time % Phy DF OF
1 John Tavares Jussi Jokinen Alex Chiasson 40 1 2 2
2 Antoine Vermette Alexander Frolov Damien Brunner 30 1 2 2
3 Cory Emmerton Ted Purcell B.J. Crombeen 20 1 2 2
4 Evgeny Grachev John Tavares Cam Atkinson 10 1 2 2
5 vs 5 Defense
Defense Defense Time % Phy DF OF
1 Ian White Brian Lee 40 1 2 2
2 Shane O'Brien Boris Valabik 30 1 2 2
3 Tyson Barrie Andrej Sustr 20 1 2 2
4 Paul Ladue Ian White 10 1 2 2
PowerPlay Forward
Center Left Wing Right Wing Time % Phy DF OF
1 John Tavares Jussi Jokinen Alex Chiasson 60 1 2 2
2 Antoine Vermette Alexander Frolov Damien Brunner 40 1 2 2
PowerPlay Defense
Defense Defense Time % Phy DF OF
1 Ian White Brian Lee 60 1 2 2
2 Shane O'Brien Boris Valabik 40 1 2 2
Penalty Kill 4 Players Forward
Center Wing Time % Phy DF OF
1 John Tavares Jussi Jokinen 60 1 2 2
2 Antoine Vermette Alex Chiasson 40 1 2 2
Penalty Kill 4 Players Defense
Defense Defense Time % Phy DF OF
1 Ian White Brian Lee 60 1 2 2
2 Shane O'Brien Boris Valabik 40 1 2 2
Penalty Kill - 3 Players Forward
Forward Time % Phy DF OF
1 John Tavares 60 1 2 2
2 Jussi Jokinen 40 1 2 2
Penalty Kill - 3 Players Defense
Defense Defense Time % Phy DF OF
1 Ian White Brian Lee 60 1 2 2
2 Shane O'Brien Boris Valabik 40 1 2 2
4 vs 4 Forward
Center Wing Time % Phy DF OF
1 John Tavares Jussi Jokinen 60 1 2 2
2 Antoine Vermette Alex Chiasson 40 1 2 2
4 vs 4 Defense
Defense Defense Time % Phy DF OF
1 Ian White Brian Lee 60 1 2 2
2 Shane O'Brien Boris Valabik 40 1 2 2
Last Minutes Offensive
Center Left Wing Right Wing Defense Defense
John Tavares Jussi Jokinen Alex Chiasson Ian White Brian Lee
Last Minutes Defensive
Center Left Wing Right Wing Defense Defense
John Tavares Jussi Jokinen Alex Chiasson Ian White Brian Lee
Goaltenders
Starting : Cory Schneider
Backup : Matt Murray
Extra Forwards
Normal : Cory Emmerton, Evgeny Grachev, Ted Purcell - PP : Cory Emmerton, Evgeny Grachev - PK : Ted Purcell
Extra Defensemen
Normal : Tyson Barrie, Andrej Sustr, Paul Ladue - PP : Tyson Barrie - PK : Andrej Sustr, Paul Ladue
Penalty Shots
John Tavares, Jussi Jokinen, Antoine Vermette, Alex Chiasson, Cory Emmerton
Scratches
Guillaume Latendresse (Left Leg Injury), Michael Grabner (Bruised Right Foot Injury)
Flames
5 vs 5 Forward
Center Left Wing Right Wing Time % Phy DF OF
1 Eric Staal Brad Marchand David Backes 40 1 2 2
2 Patrik Berglund Alexander Semin Alexander Radulov 33 1 2 2
3 Colin Wilson Steve Regier Jimmy Hayes 19 1 2 2
4 Anders Lee David Ullstrom Kyle Palmieri 8 1 2 2
5 vs 5 Defense
Defense Defense Time % Phy DF OF
1 Erik Johnson Sami Vatanen 38 1 2 2
2 Derek Meech Colby Robak 29 2 2 1
3 Christian Folin Brendan Mikkelson 23 2 2 1
4 Derek Meech Colby Robak 10 2 2 1
PowerPlay Forward
Center Left Wing Right Wing Time % Phy DF OF
1 Eric Staal Alexander Semin Alexander Radulov 60 1 2 2
2 Patrik Berglund Brad Marchand Jimmy Hayes 40 1 2 2
PowerPlay Defense
Defense Defense Time % Phy DF OF
1 Erik Johnson Sami Vatanen 60 1 2 2
2 Derek Meech Colby Robak 40 1 2 2
Penalty Kill 4 Players Forward
Center Wing Time % Phy DF OF
1 Patrik Berglund David Backes 50 1 3 1
2 Colin Wilson Alexander Semin 50 1 3 1
Penalty Kill 4 Players Defense
Defense Defense Time % Phy DF OF
1 Erik Johnson Sami Vatanen 58 1 3 1
2 Derek Meech Colby Robak 42 1 3 1
Penalty Kill - 3 Players Forward
Forward Time % Phy DF OF
1 Eric Staal 50 1 4 0
2 Brad Marchand 50 1 4 0
Penalty Kill - 3 Players Defense
Defense Defense Time % Phy DF OF
1 Erik Johnson Sami Vatanen 58 1 4 0
2 Derek Meech Colby Robak 42 1 4 0
4 vs 4 Forward
Center Wing Time % Phy DF OF
1 Eric Staal Alexander Semin 60 2 2 1
2 Colin Wilson Brad Marchand 40 2 2 1
4 vs 4 Defense
Defense Defense Time % Phy DF OF
1 Erik Johnson Sami Vatanen 60 2 2 1
2 Derek Meech Colby Robak 40 2 2 1
Last Minutes Offensive
Center Left Wing Right Wing Defense Defense
Eric Staal Alexander Semin David Backes Erik Johnson Sami Vatanen
Last Minutes Defensive
Center Left Wing Right Wing Defense Defense
Eric Staal Alexander Semin David Backes Erik Johnson Sami Vatanen
Goaltenders
Starting : Henrik Lundqvist
Backup : Christopher Gibson
Extra Forwards
Normal : Brad Marchand, Alexander Semin, David Ullstrom - PP : David Ullstrom, Colin Wilson - PK : Brad Marchand
Extra Defensemen
Normal : Sami Vatanen, Derek Meech, Colby Robak - PP : Derek Meech - PK : Brendan Mikkelson, Christian Folin
Penalty Shots
Eric Staal, Alexander Semin, David Backes, Brad Marchand, Patrik Berglund
Scratches
None
% Time on Ice - Stars
Lines # - Real PCT - Wanted PCT - Time Play
Normal Forward
1 - 35% - 40% - 17:49
2 - 29% - 30% - 14:52
3 - 24% - 20% - 12:08
4 - 13% - 10% - 6:25
Normal Defense
1 - 35% - 40% - 17:56
2 - 33% - 30% - 16:48
3 - 25% - 20% - 12:34
4 - 8% - 10% - 3:56
PP Forward
1 - 100% - 60% - 0:26
2 - 0% - 40% - 0:00
PP Defense
1 - 100% - 60% - 0:26
2 - 0% - 40% - 0:00
PK Forward
1 - 72% - 60% - 5:42
2 - 28% - 40% - 2:14
PK Defense
1 - 63% - 60% - 4:58
2 - 37% - 40% - 2:58
PK3 Forward
1 - 0% - 60%
2 - 0% - 40%
PK3 Defense
1 - 0% - 60%
2 - 0% - 40%
44 Forward
1 - 0% - 60%
2 - 0% - 40%
44 Defense
1 - 0% - 60%
2 - 0% - 40%
Last Minute Offensive - 0:24
Last Minute Defensive - 0:00
Total
Forward - 60:00
Defense - 60:00
|
% Time on Ice - Flames
Lines # - Real PCT - Wanted PCT - Time Play
Normal Forward
1 - 35% - 40% - 17:55
2 - 27% - 33% - 13:40
3 - 20% - 19% - 10:03
4 - 19% - 8% - 9:36
Normal Defense
1 - 38% - 38% - 19:19
2 - 31% - 29% - 15:45
3 - 24% - 23% - 12:07
4 - 8% - 10% - 4:03
PP Forward
1 - 59% - 60% - 4:39
2 - 41% - 40% - 3:17
PP Defense
1 - 68% - 60% - 5:24
2 - 32% - 40% - 2:32
PK Forward
1 - 85% - 50% - 0:22
2 - 15% - 50% - 0:04
PK Defense
1 - 100% - 58% - 0:26
2 - 0% - 42% - 0:00
PK3 Forward
1 - 0% - 50%
2 - 0% - 50%
PK3 Defense
1 - 0% - 58%
2 - 0% - 42%
44 Forward
1 - 0% - 60%
2 - 0% - 40%
44 Defense
1 - 0% - 60%
2 - 0% - 40%
Last Minute Offensive - 0:00
Last Minute Defensive - 0:24
Total
Forward - 60:00
Defense - 60:00
|
Play-by-Play
1st period
0:01 of 1st period - John Tavares wins face-off versus Eric Staal in neutral zone.
0:34 of 1st period - Off-side.
0:35 of 1st period - Antoine Vermette wins face-off versus Patrik Berglund in neutral zone.
1:35 of 1st period - Minor Penalty to Cory Emmerton for Holding.
1:36 of 1st period - Eric Staal wins face-off versus John Tavares in Stars zone.
1:44 of 1st period - Wrist shot by Alexander Radulov.
1:44 of 1st period - Stopped by Cory Schneider without a rebound.
1:45 of 1st period - John Tavares wins face-off versus Alexander Radulov in Stars zone.
2:02 of 1st period - Jussi Jokinen is hit by Alexander Radulov and loses puck.
2:19 of 1st period - Snap shot by Alexander Radulov.
2:19 of 1st period - Stopped by Cory Schneider without a rebound.
2:20 of 1st period - Patrik Berglund wins face-off versus John Tavares in Stars zone.
2:25 of 1st period - Snap shot by Jimmy Hayes.
2:25 of 1st period - Shot Blocked by Brian Lee.
2:29 of 1st period - Wrist shot by Patrik Berglund.
2:29 of 1st period - Deflect By Jimmy Hayes.
2:29 of 1st period - Shot Misses the Net.
2:29 of 1st period - Puck is out of play.
2:30 of 1st period - Patrik Berglund wins face-off versus John Tavares in Stars zone.
2:35 of 1st period - Snap shot by Jimmy Hayes.
2:35 of 1st period - Shot Misses the Net.
2:37 of 1st period - Slapshot by Derek Meech.
2:37 of 1st period - Deflect By Patrik Berglund.
2:37 of 1st period - Stopped by Cory Schneider with a rebound.
2:39 of 1st period - Slapshot by Derek Meech.
2:39 of 1st period - Deflect By Patrik Berglund.
2:39 of 1st period - Stopped by Cory Schneider with a rebound.
2:47 of 1st period - Wrist shot by Patrik Berglund.
2:47 of 1st period - Shot Hit the Post.
2:49 of 1st period - Snap shot by Brad Marchand.
2:49 of 1st period - Stopped by Cory Schneider without a rebound.
2:50 of 1st period - Eric Staal wins face-off versus Antoine Vermette in Stars zone.
3:01 of 1st period - Snap shot by Alexander Radulov.
3:01 of 1st period - Deflect By Alexander Semin.
3:01 of 1st period - Shot Blocked by Boris Valabik.
3:01 of 1st period - Puck is out of play.
3:02 of 1st period - John Tavares wins face-off versus Eric Staal in Stars zone.
3:35 of 1st period - Penalty to Cory Emmerton is over, Cory Emmerton is back on ice.
3:37 of 1st period - Slapshot by Patrik Berglund.
3:37 of 1st period - Stopped by Cory Schneider with a rebound.
4:49 of 1st period - Ted Purcell is hit by Jimmy Hayes and loses puck.
4:54 of 1st period - Slapshot by Jimmy Hayes.
4:54 of 1st period - Stopped by Cory Schneider with a rebound.
5:12 of 1st period - Wrist shot by David Ullstrom.
5:12 of 1st period - Shot Blocked by Boris Valabik.
5:40 of 1st period - Wrist shot by John Tavares.
5:40 of 1st period - Shot Blocked by Sami Vatanen.
6:02 of 1st period - Snap shot by Antoine Vermette.
6:02 of 1st period - Stopped by Henrik Lundqvist with a rebound.
6:16 of 1st period - Slapshot by Erik Johnson.
6:16 of 1st period - Shot Blocked by John Tavares.
6:18 of 1st period - Slapshot by Erik Johnson.
6:18 of 1st period - Shot Misses the Net.
6:20 of 1st period - Slapshot by Erik Johnson.
6:20 of 1st period - Shot Blocked by Tyson Barrie.
6:22 of 1st period - Slapshot by Erik Johnson.
6:22 of 1st period - Stopped by Cory Schneider with a rebound.
6:24 of 1st period - Snap shot by Colin Wilson.
6:24 of 1st period - Stopped by Cory Schneider with a rebound.
6:34 of 1st period - Wrist shot by Antoine Vermette.
6:34 of 1st period - Shot Misses the Net.
6:36 of 1st period - Slapshot by Tyson Barrie.
6:36 of 1st period - Deflect By David Ullstrom.
6:36 of 1st period - Stopped by Henrik Lundqvist without a rebound.
6:37 of 1st period - Antoine Vermette wins face-off versus Anders Lee in Flames zone.
6:46 of 1st period - Slapshot by Brian Lee.
6:46 of 1st period - Shot Blocked by Anders Lee.
7:42 of 1st period - Damien Brunner is hit by Jimmy Hayes and loses puck.
7:48 of 1st period - Icing by Tyson Barrie.
7:49 of 1st period - Brad Marchand wins face-off versus Antoine Vermette in Stars zone.
8:16 of 1st period - Wrist shot by Damien Brunner.
8:16 of 1st period - Stopped by Henrik Lundqvist without a rebound.
8:17 of 1st period - Patrik Berglund wins face-off versus John Tavares in Flames zone.
8:30 of 1st period - Snap shot by Patrik Berglund.
8:30 of 1st period - Stopped by Cory Schneider without a rebound.
8:31 of 1st period - Eric Staal wins face-off versus John Tavares in Stars zone.
8:44 of 1st period - Wrist shot by Eric Staal.
8:44 of 1st period - Shot Misses the Net.
9:49 of 1st period - Wrist shot by David Ullstrom.
9:49 of 1st period - Deflect By Kyle Palmieri.
9:49 of 1st period - Deflect By Jussi Jokinen.
9:49 of 1st period - Stopped by Cory Schneider without a rebound.
9:50 of 1st period - Antoine Vermette wins face-off versus Eric Staal in Stars zone.
10:01 of 1st period - Wrist shot by David Backes.
10:01 of 1st period - Shot Blocked by Brian Lee.
10:17 of 1st period - Patrik Berglund is hit by John Tavares and loses puck.
10:59 of 1st period - Snap shot by Jimmy Hayes.
10:59 of 1st period - Stopped by Cory Schneider without a rebound.
11:00 of 1st period - Eric Staal wins face-off versus Evgeny Grachev in Stars zone.
11:11 of 1st period - Snap shot by Evgeny Grachev.
11:11 of 1st period - Stopped by Henrik Lundqvist without a rebound.
11:12 of 1st period - Eric Staal wins face-off versus John Tavares in Flames zone.
11:12 of 1st period - Eric Staal is hit by Jussi Jokinen.
12:27 of 1st period - Slapshot by Shane O'Brien.
12:27 of 1st period - Deflect By Cory Emmerton.
12:27 of 1st period - Stopped by Henrik Lundqvist with a rebound.
12:29 of 1st period - Slapshot by Shane O'Brien.
12:29 of 1st period - Shot Misses the Net.
13:04 of 1st period - Slapshot by Patrik Berglund.
13:04 of 1st period - Stopped by Cory Schneider without a rebound.
13:05 of 1st period - Eric Staal wins face-off versus Antoine Vermette in Stars zone.
13:10 of 1st period - Slapshot by Eric Staal.
13:10 of 1st period - Stopped by Cory Schneider with a rebound.
13:18 of 1st period - Wrist shot by Antoine Vermette.
13:18 of 1st period - Stopped by Henrik Lundqvist with a rebound.
13:20 of 1st period - Slapshot by Andrej Sustr.
13:20 of 1st period - Stopped by Henrik Lundqvist with a rebound.
13:34 of 1st period - John Tavares is hit by Alexander Semin and loses puck.
13:43 of 1st period - Colby Robak is hit by Tyson Barrie and loses puck.
14:09 of 1st period - Icing by Jimmy Hayes.
14:10 of 1st period - Colin Wilson wins face-off versus Antoine Vermette in Flames zone.
14:25 of 1st period - Wrist shot by Alexander Frolov.
14:25 of 1st period - Shot Blocked by Colby Robak.
14:35 of 1st period - Boris Valabik is hit by Brad Marchand and loses puck.
15:39 of 1st period - Brad Marchand is hit by John Tavares and loses puck.
16:03 of 1st period - Steve Regier is hit by Cory Emmerton and loses puck.
17:12 of 1st period - Wrist shot by Anders Lee.
17:12 of 1st period - Stopped by Cory Schneider without a rebound.
17:13 of 1st period - Alexander Frolov wins face-off versus Patrik Berglund in Stars zone.
17:25 of 1st period - Snap shot by Alexander Semin.
17:25 of 1st period - Goal by Alexander Semin - Stars : 0 - Flames : 1.
17:26 of 1st period - Eric Staal wins face-off versus John Tavares in neutral zone.
17:37 of 1st period - Backhand shot by David Backes.
17:37 of 1st period - Shot Misses the Net.
17:41 of 1st period - Snap shot by Eric Staal.
17:41 of 1st period - Stopped by Cory Schneider without a rebound.
17:42 of 1st period - John Tavares wins face-off versus Patrik Berglund in Stars zone.
18:07 of 1st period - Snap shot by B.J. Crombeen.
18:07 of 1st period - Stopped by Henrik Lundqvist without a rebound.
18:08 of 1st period - Cory Emmerton wins face-off versus Eric Staal in Flames zone.
18:09 of 1st period - Slapshot by B.J. Crombeen.
18:09 of 1st period - Stopped by Henrik Lundqvist without a rebound.
18:10 of 1st period - Eric Staal wins face-off versus Cory Emmerton in Flames zone.
18:43 of 1st period - Shane O'Brien is hit by Sami Vatanen and loses puck.
19:20 of 1st period - Wrist shot by Kyle Palmieri.
19:20 of 1st period - Shot Blocked by John Tavares.
19:22 of 1st period - Snap shot by Kyle Palmieri.
19:22 of 1st period - Shot Misses the Net.
19:24 of 1st period - Wrist shot by Anders Lee.
19:24 of 1st period - Stopped by Cory Schneider with a rebound.
19:26 of 1st period - Snap shot by Anders Lee.
19:26 of 1st period - Deflect By David Ullstrom.
19:26 of 1st period - Stopped by Cory Schneider with a rebound.
19:28 of 1st period - Slapshot by Colby Robak.
19:28 of 1st period - Shot Misses the Net.
Goals for this period are 0 for Stars vs 1 for Flames.
Shots for this period are 9 for Stars vs 19 for Flames.
2nd period
0:01 of 2nd period - Eric Staal wins face-off versus John Tavares in neutral zone.
0:26 of 2nd period - Snap shot by Jimmy Hayes.
0:26 of 2nd period - Stopped by Cory Schneider with a rebound.
0:30 of 2nd period - Wrist shot by Steve Regier.
0:30 of 2nd period - Shot Misses the Net.
0:34 of 2nd period - Snap shot by Colin Wilson.
0:34 of 2nd period - Stopped by Cory Schneider without a rebound.
0:35 of 2nd period - Eric Staal wins face-off versus Antoine Vermette in Stars zone.
0:54 of 2nd period - Tyson Barrie is hit by David Backes and loses puck.
1:07 of 2nd period - Snap shot by Jimmy Hayes.
1:07 of 2nd period - Goal by Jimmy Hayes - Stars : 0 - Flames : 2.
1:08 of 2nd period - Jussi Jokinen wins face-off versus Eric Staal in neutral zone.
1:41 of 2nd period - Snap shot by Alexander Semin.
1:41 of 2nd period - Stopped by Cory Schneider with a rebound.
1:43 of 2nd period - Slapshot by Derek Meech.
1:43 of 2nd period - Shot Misses the Net.
1:45 of 2nd period - Snap shot by Patrik Berglund.
1:45 of 2nd period - Deflect By Alexander Semin.
1:45 of 2nd period - Shot Blocked by Alexander Frolov.
1:45 of 2nd period - Puck is out of play.
1:46 of 2nd period - John Tavares wins face-off versus Colin Wilson in Stars zone.
1:52 of 2nd period - Off-side.
1:53 of 2nd period - Colin Wilson wins face-off versus John Tavares in neutral zone.
2:00 of 2nd period - Snap shot by Steve Regier.
2:00 of 2nd period - Shot Misses the Net.
2:04 of 2nd period - Snap shot by Steve Regier.
2:04 of 2nd period - Shot Blocked by John Tavares.
2:06 of 2nd period - Wrist shot by Jimmy Hayes.
2:06 of 2nd period - Flames goal is going for a video replay.
2:06 of 2nd period - The goal is good.
2:06 of 2nd period - Goal by Jimmy Hayes - Stars : 0 - Flames : 3.
2:07 of 2nd period - John Tavares wins face-off versus Eric Staal in neutral zone.
2:10 of 2nd period - Eric Staal is hit by Alex Chiasson.
2:44 of 2nd period - Slapshot by Ian White.
2:44 of 2nd period - Shot Misses the Net.
2:46 of 2nd period - Slapshot by Paul Ladue.
2:46 of 2nd period - Shot Blocked by Eric Staal.
4:01 of 2nd period - Snap shot by Antoine Vermette.
4:01 of 2nd period - Shot Blocked by Sami Vatanen.
4:03 of 2nd period - Snap shot by Antoine Vermette.
4:03 of 2nd period - Stopped by Henrik Lundqvist with a rebound.
4:05 of 2nd period - Wrist shot by Antoine Vermette.
4:05 of 2nd period - Shot Blocked by Erik Johnson.
4:36 of 2nd period - Slapshot by Sami Vatanen.
4:36 of 2nd period - Shot Blocked by John Tavares.
5:25 of 2nd period - Derek Meech is hit by Jussi Jokinen and loses puck.
5:30 of 2nd period - Snap shot by John Tavares.
5:30 of 2nd period - Stopped by Henrik Lundqvist without a rebound.
5:31 of 2nd period - John Tavares wins face-off versus Eric Staal in Flames zone.
5:32 of 2nd period - Snap shot by Jussi Jokinen.
5:32 of 2nd period - Shot Misses the Net.
6:16 of 2nd period - Alex Chiasson is hit by Alexander Radulov and loses puck.
6:21 of 2nd period - Snap shot by Alexander Semin.
6:21 of 2nd period - Stopped by Cory Schneider without a rebound.
6:22 of 2nd period - Antoine Vermette wins face-off versus Alexander Semin in Stars zone.
7:01 of 2nd period - Slapshot by Brad Marchand.
7:01 of 2nd period - Deflect By Ian White.
7:01 of 2nd period - Stopped by Cory Schneider with a rebound.
7:44 of 2nd period - Patrik Berglund is hit by Alexander Frolov and loses puck.
7:57 of 2nd period - Alex Chiasson is hit by Kyle Palmieri and loses puck.
8:10 of 2nd period - Wrist shot by Cory Emmerton.
8:10 of 2nd period - Stopped by Henrik Lundqvist without a rebound.
8:11 of 2nd period - Eric Staal wins face-off versus Cory Emmerton in Flames zone.
9:02 of 2nd period - Evgeny Grachev is hit by Jimmy Hayes and loses puck.
9:37 of 2nd period - Snap shot by Alexander Frolov.
9:37 of 2nd period - Shot Blocked by Colby Robak.
9:47 of 2nd period - Wrist shot by Anders Lee.
9:47 of 2nd period - Deflect By Antoine Vermette.
9:47 of 2nd period - Shot Blocked by Andrej Sustr.
9:47 of 2nd period - Puck is out of play.
9:48 of 2nd period - John Tavares wins face-off versus Eric Staal in Stars zone.
9:50 of 2nd period - Minor Penalty to Andrej Sustr for Roughing.
9:51 of 2nd period - John Tavares wins face-off versus Eric Staal in Stars zone.
11:06 of 2nd period - Slapshot by Brian Lee.
11:06 of 2nd period - Shot Misses the Net.
11:50 of 2nd period - Penalty to Andrej Sustr is over, Andrej Sustr is back on ice.
12:03 of 2nd period - Icing by Boris Valabik.
12:04 of 2nd period - Alexander Frolov wins face-off versus Anders Lee in Stars zone.
12:28 of 2nd period - Ted Purcell is hit by Jimmy Hayes and loses puck.
13:15 of 2nd period - Minor Penalty to Alexander Radulov for Slashing.
13:16 of 2nd period - John Tavares wins face-off versus Patrik Berglund in Flames zone.
13:21 of 2nd period - Wrist shot by John Tavares.
13:21 of 2nd period - Shot Blocked by Patrik Berglund.
13:23 of 2nd period - Snap shot by Brian Lee.
13:23 of 2nd period - Stopped by Henrik Lundqvist without a rebound.
13:24 of 2nd period - John Tavares wins face-off versus Patrik Berglund in Flames zone.
13:29 of 2nd period - Snap shot by Jussi Jokinen.
13:29 of 2nd period - Shot Misses the Net.
13:31 of 2nd period - Slapshot by Brian Lee.
13:31 of 2nd period - Shot Blocked by Patrik Berglund.
13:35 of 2nd period - Snap shot by Jussi Jokinen.
13:35 of 2nd period - Shot Blocked by Erik Johnson.
13:37 of 2nd period - Snap shot by Alex Chiasson.
13:37 of 2nd period - Stopped by Henrik Lundqvist without a rebound.
13:38 of 2nd period - John Tavares wins face-off versus Colin Wilson in Flames zone.
13:41 of 2nd period - Snap shot by Jussi Jokinen.
13:41 of 2nd period - Goal by Jussi Jokinen - Stars : 1 - Flames : 3.
13:42 of 2nd period - John Tavares wins face-off versus David Backes in neutral zone.
13:44 of 2nd period - Brian Lee is hit by Brad Marchand.
14:20 of 2nd period - Wrist shot by Alexander Radulov.
14:20 of 2nd period - Shot Blocked by Ian White.
14:49 of 2nd period - Ian White is hit by Brad Marchand and loses puck.
14:56 of 2nd period - Slapshot by Eric Staal.
14:56 of 2nd period - Stopped by Cory Schneider with a rebound.
15:08 of 2nd period - Backhand shot by Alexander Frolov.
15:08 of 2nd period - Deflect By Kyle Palmieri.
15:08 of 2nd period - Shot Misses the Net.
15:08 of 2nd period - Puck is out of play.
15:09 of 2nd period - Anders Lee wins face-off versus Antoine Vermette in Flames zone.
15:09 of 2nd period - Anders Lee is hit by Damien Brunner.
15:25 of 2nd period - Antoine Vermette is hit by David Ullstrom and loses puck.
15:48 of 2nd period - Wrist shot by Damien Brunner.
15:48 of 2nd period - Shot Blocked by Derek Meech.
15:50 of 2nd period - Slapshot by Boris Valabik.
15:50 of 2nd period - Shot Misses the Net.
15:52 of 2nd period - Slapshot by Boris Valabik.
15:52 of 2nd period - Shot Blocked by Anders Lee.
15:54 of 2nd period - Slapshot by Boris Valabik.
15:54 of 2nd period - Shot Blocked by Derek Meech.
16:04 of 2nd period - Wrist shot by Damien Brunner.
16:04 of 2nd period - Shot Misses the Net.
16:06 of 2nd period - Snap shot by Damien Brunner.
16:06 of 2nd period - Stopped by Henrik Lundqvist without a rebound.
16:07 of 2nd period - John Tavares wins face-off versus Eric Staal in Flames zone.
16:10 of 2nd period - Snap shot by Jussi Jokinen.
16:10 of 2nd period - Stopped by Henrik Lundqvist with a rebound.
16:16 of 2nd period - Snap shot by Sami Vatanen.
16:16 of 2nd period - Stopped by Cory Schneider without a rebound.
16:17 of 2nd period - John Tavares wins face-off versus Eric Staal in Stars zone.
16:26 of 2nd period - Snap shot by David Backes.
16:26 of 2nd period - Stopped by Cory Schneider with a rebound.
16:32 of 2nd period - Snap shot by Brad Marchand.
16:32 of 2nd period - Stopped by Cory Schneider with a rebound.
16:38 of 2nd period - Slapshot by Brad Marchand.
16:38 of 2nd period - Shot Misses the Net.
17:58 of 2nd period - Icing by Erik Johnson.
17:59 of 2nd period - Eric Staal wins face-off versus Damien Brunner in Flames zone.
18:39 of 2nd period - Snap shot by Eric Staal.
18:39 of 2nd period - Shot Misses the Net.
18:41 of 2nd period - Snap shot by Erik Johnson.
18:41 of 2nd period - Deflect By David Backes.
18:41 of 2nd period - Stopped by Cory Schneider without a rebound.
18:42 of 2nd period - Cory Emmerton wins face-off versus Patrik Berglund in Stars zone.
18:42 of 2nd period - Cory Emmerton is hit by Colby Robak.
18:48 of 2nd period - Slapshot by Ted Purcell.
18:48 of 2nd period - Shot Misses the Net.
19:11 of 2nd period - Icing by Boris Valabik.
19:12 of 2nd period - Colin Wilson wins face-off versus Cam Atkinson in Stars zone.
19:13 of 2nd period - Snap shot by Jimmy Hayes.
19:13 of 2nd period - Stopped by Cory Schneider without a rebound.
19:14 of 2nd period - Evgeny Grachev wins face-off versus Colin Wilson in Stars zone.
19:21 of 2nd period - Wrist shot by Cam Atkinson.
19:21 of 2nd period - Stopped by Henrik Lundqvist without a rebound.
19:22 of 2nd period - Patrik Berglund wins face-off versus John Tavares in Flames zone.
19:22 of 2nd period - Patrik Berglund is hit by Brian Lee.
19:50 of 2nd period - Damien Brunner is hit by Anders Lee and loses puck.
Goals for this period are 1 for Stars vs 2 for Flames.
Shots for this period are 9 for Stars vs 13 for Flames.
3rd period
0:01 of 3rd period - John Tavares wins face-off versus Patrik Berglund in neutral zone.
0:04 of 3rd period - Patrik Berglund is hit by Jussi Jokinen and loses puck.
0:15 of 3rd period - Snap shot by John Tavares.
0:15 of 3rd period - Shot Blocked by Colby Robak.
0:17 of 3rd period - Slapshot by Alex Chiasson.
0:17 of 3rd period - Shot Misses the Net.
0:33 of 3rd period - Off-side.
0:34 of 3rd period - Antoine Vermette wins face-off versus Eric Staal in neutral zone.
0:36 of 3rd period - Shane O'Brien is hit by Sami Vatanen and loses puck.
1:40 of 3rd period - Wrist shot by Damien Brunner.
1:40 of 3rd period - Goal by Damien Brunner - Stars : 2 - Flames : 3.
1:41 of 3rd period - Patrik Berglund wins face-off versus John Tavares in neutral zone.
1:54 of 3rd period - Snap shot by Alexander Radulov.
1:54 of 3rd period - Deflect By Alexander Semin.
1:54 of 3rd period - Stopped by Cory Schneider without a rebound.
1:55 of 3rd period - John Tavares wins face-off versus Eric Staal in Stars zone.
2:22 of 3rd period - Snap shot by B.J. Crombeen.
2:22 of 3rd period - Shot Misses the Net.
2:24 of 3rd period - Slapshot by Boris Valabik.
2:24 of 3rd period - Deflect By Brad Marchand.
2:24 of 3rd period - Stopped by Henrik Lundqvist with a rebound.
2:26 of 3rd period - Slapshot by Boris Valabik.
2:26 of 3rd period - Shot Misses the Net.
2:28 of 3rd period - Snap shot by Ted Purcell.
2:28 of 3rd period - Shot Misses the Net.
2:30 of 3rd period - Snap shot by B.J. Crombeen.
2:30 of 3rd period - Deflect By Ted Purcell.
2:30 of 3rd period - Shot Misses the Net.
2:30 of 3rd period - Puck is out of play.
2:31 of 3rd period - Antoine Vermette wins face-off versus Patrik Berglund in Flames zone.
2:32 of 3rd period - Wrist shot by Damien Brunner.
2:32 of 3rd period - Stopped by Henrik Lundqvist without a rebound.
2:33 of 3rd period - Alexander Frolov wins face-off versus Alexander Radulov in Flames zone.
4:21 of 3rd period - Minor Penalty to Shane O'Brien for Tripping.
4:22 of 3rd period - Eric Staal wins face-off versus Jussi Jokinen in Stars zone.
4:33 of 3rd period - Wrist shot by Eric Staal.
4:33 of 3rd period - Stopped by Cory Schneider without a rebound.
4:34 of 3rd period - Eric Staal wins face-off versus John Tavares in Stars zone.
6:21 of 3rd period - Penalty to Shane O'Brien is over, Shane O'Brien is back on ice.
6:52 of 3rd period - Slapshot by Erik Johnson.
6:52 of 3rd period - Shot Blocked by Andrej Sustr.
6:58 of 3rd period - Snap shot by B.J. Crombeen.
6:58 of 3rd period - Shot Misses the Net.
8:22 of 3rd period - Cory Emmerton is hit by Patrik Berglund and loses puck.
11:21 of 3rd period - Colby Robak is hit by Cam Atkinson and loses puck.
11:44 of 3rd period - Sami Vatanen is hit by Damien Brunner and loses puck.
11:57 of 3rd period - Wrist shot by Erik Johnson.
11:57 of 3rd period - Shot Blocked by Ian White.
12:29 of 3rd period - Shane O'Brien is hit by Erik Johnson.
13:37 of 3rd period - Ted Purcell is hit by Anders Lee and loses puck.
13:42 of 3rd period - Wrist shot by Kyle Palmieri.
13:42 of 3rd period - Shot Misses the Net.
13:44 of 3rd period - Wrist shot by David Ullstrom.
13:44 of 3rd period - Shot Blocked by Cory Emmerton.
14:06 of 3rd period - Slapshot by Alexander Radulov.
14:06 of 3rd period - Stopped by Cory Schneider with a rebound.
14:08 of 3rd period - Snap shot by Alexander Semin.
14:08 of 3rd period - Stopped by Cory Schneider with a rebound.
14:16 of 3rd period - Slapshot by Tyson Barrie.
14:16 of 3rd period - Stopped by Henrik Lundqvist with a rebound.
14:22 of 3rd period - B.J. Crombeen is hit by Brendan Mikkelson and loses puck.
14:39 of 3rd period - Andrej Sustr is hit by Colin Wilson and loses puck.
15:10 of 3rd period - Wrist shot by Jussi Jokinen.
15:10 of 3rd period - Shot Misses the Net.
15:12 of 3rd period - Slapshot by Tyson Barrie.
15:12 of 3rd period - Shot Misses the Net.
15:26 of 3rd period - Wrist shot by David Backes.
15:26 of 3rd period - Stopped by Cory Schneider with a rebound.
15:44 of 3rd period - Wrist shot by Anders Lee.
15:44 of 3rd period - Stopped by Cory Schneider with a rebound.
15:46 of 3rd period - Snap shot by David Ullstrom.
15:46 of 3rd period - Goal by David Ullstrom - Stars : 2 - Flames : 4.
15:47 of 3rd period - Colin Wilson wins face-off versus John Tavares in neutral zone.
16:32 of 3rd period - Minor Penalty to Damien Brunner for Hooking.
16:33 of 3rd period - John Tavares wins face-off versus Eric Staal in Stars zone.
16:33 of 3rd period - John Tavares is hit by Eric Staal.
17:31 of 3rd period - Icing by Colby Robak.
17:32 of 3rd period - Patrik Berglund wins face-off versus Ted Purcell in Flames zone.
18:32 of 3rd period - Penalty to Damien Brunner is over, Damien Brunner is back on ice.
19:27 of 3rd period - Wrist shot by John Tavares.
19:27 of 3rd period - Shot Misses the Net.
19:29 of 3rd period - Snap shot by Damien Brunner.
19:29 of 3rd period - Stopped by Henrik Lundqvist without a rebound.
19:30 of 3rd period - Cory Emmerton wins face-off versus Alexander Semin in Flames zone.
19:31 of 3rd period - Slapshot by Brian Lee.
19:31 of 3rd period - Shot Blocked by Brendan Mikkelson.
19:33 of 3rd period - Snap shot by Alex Chiasson.
19:33 of 3rd period - Stopped by Henrik Lundqvist with a rebound.
19:35 of 3rd period - Slapshot by Cory Emmerton.
19:35 of 3rd period - Goal by Cory Emmerton - Stars : 3 - Flames : 4.
19:36 of 3rd period - Eric Staal wins face-off versus Cory Emmerton in neutral zone.
Goals for this period are 2 for Stars vs 1 for Flames.
Shots for this period are 7 for Stars vs 7 for Flames.
Output by the SimonT Hockey Simulator (STHS) for Francois Prevost